Map: Inside and Out

Players

Echo - Winner!

  • Race: Terran Terran
  • League: Diamond
  • Spawn Location: 1:00

SIXKM

  • Race: Protoss Protoss
  • League: Diamond
  • Spawn Location: 7:00

VOD

Have the link to the VOD?

Description

Time

  • Played on: Dec. 20, 2022, 5:16 a.m.
  • Length: 19:00
Show
View Real Time Build Order
Export as new Build Order

Echo Terran - Winner!

Build Orders: Reaper Expand 

Get SALT Encoding   

  12  0:00  SCV  
  13  0:12  SCV  
  14  0:17  Supply Depot  
  14  0:24  SCV  
  15  0:38  SCV  
  15  0:39  Barracks  
  16  0:43  Refinery  
  16  0:50  SCV  
  17  1:03  SCV  
  18  1:15  SCV  
  19  1:27  Orbital Command  
  19  1:28  Reaper  
  20  1:41  Command Center  
  20  1:53  SCV  
  21  1:55  Supply Depot  
  21  2:00  Marine  
  22  2:07  Factory  
  22  2:10  SCV  
  23  2:22  Barracks Reactor  
  23  2:23  SCV  
  23  2:24  Bunker  
  24  2:35  SCV  
  25  2:47  SCV  
  26  2:55  Orbital Command, Widow Mine  
  28  2:58  Marine x2  
  28  3:02  SCV  
  31  3:09  Starport  
  31  3:16  Marine x2  
  31  3:18  Widow Mine  
  35  3:25  Command Center  
  35  3:28  SCV x2  
  37  3:34  Marine x2  
  37  3:39  Refinery  
  37  3:40  SCV x2  
  37  3:41  Widow Mine  
  42  3:52  Marine x2  
  44  3:59  SCV x2  
  46  4:05  Barracks  
  46  4:06  Barracks  
  46  4:09  Factory Tech Lab  
  46  4:12  Medivac  
  46  4:16  Supply Depot  
  48  4:17  SCV x2  
  48  4:19  Marine x2  
  52  4:29  SCV x2  
  54  4:31  Refinery  
  54  4:37  Marine x2  
  56  4:39  Supply Depot  
  56  4:47  SCV x2  
  56  4:48  Orbital Command  
  56  4:49  Refinery  
  56  4:52  Starport Tech Lab  
  58  4:54  Barracks Tech Lab  
  58  5:00  SCV, Engineering Bay  
  58  5:02  SCV, Engineering Bay  
  58  5:05  Marine x2  
  62  5:10  Raven  
  62  5:14  Marine  
  64  5:15  Marine  
  64  5:17  Stimpack  
  64  5:19  SCV x2  
  68  5:21  SCV  
  69  5:31  SCV x2  
  71  5:45  Marine x2  
  71  5:47  SCV x2, Siege Tank  
  71  5:48  Terran Infantry Weapons Level 1  
  78  5:51  SCV  
  78  5:54  Supply Depot  
  74  5:59  SCV  
  74  6:00  SCV  
  74  6:02  Marine  
  75  6:04  Marine x2  
  75  6:16  SCV x2  
  75  6:17  Barracks  
  76  6:18  Barracks  
  76  6:21  Starport Reactor, Marauder  
  75  6:34  SCV  
  75  6:35  SCV x2  
  75  6:36  Terran Infantry Armor Level 1  
  75  6:38  Supply Depot  
  75  6:39  Marauder, Marine x2  
  82  6:40  Combat Shield  
  82  6:42  Marauder  
  82  6:43  Supply Depot  
  84  6:49  Siege Tank, Supply Depot  
  87  6:55  Orbital Command  
  87  6:57  Marine x2  
  87  7:01  Marauder  
  91  7:04  Marauder  
  89  7:11  SCV  
  89  7:12  SCV  
  89  7:13  Barracks Tech Lab, Barracks Reactor  
  89  7:15  Supply Depot  
  91  7:17  Ghost Academy  
  91  7:21  Supply Depot  
  91  7:22  Marauder  
  93  7:27  Concussive Shells  
  93  7:29  Medivac x2, Marine x2  
  99  7:30  Marauder  
  99  7:32  Marauder  
  99  7:36  Armory  
  101  7:37  Supply Depot x2  
  101  7:41  SCV x3  
  101  7:43  Marauder  
  104  7:50  Marine x4  
  108  7:53  SCV x2  
  108  7:54  SCV  
  108  7:55  Enhanced Shockwaves  
  111  8:08  Missile Turret x2  
  111  8:11  Marine x3  
  111  8:12  Marauder x2, Marine  
  121  8:13  Marauder  
  121  8:15  Medivac  
  121  8:16  Missile Turret  
  121  8:17  Missile Turret  
  123  8:22  Medivac  
  123  8:25  Siege Tank  
  128  8:28  Command Center  
  128  8:29  Missile Turret, Marine x2  
  128  8:31  Refinery x2  
  128  8:32  SCV x3  
  128  8:34  Marauder  
  135  8:35  Supply Depot  
  135  8:36  Terran Infantry Weapons Level 2  
  135  8:38  Marine x4  
  139  8:44  SCV x2  
  141  8:49  SCV  
  142  8:55  Refinery, Supply Depot  
  142  8:56  SCV x2, Terran Infantry Armor Level 2  
  142  8:59  Refinery  
  129  9:13  Marine x3  
  129  9:14  Marauder x3, Marine  
  127  9:29  Medivac  
  127  9:30  Medivac  
  127  9:31  Marine x4  
  126  9:34  Supply Depot  
  126  9:35  Marauder  
  126  9:36  Marauder  
  134  9:42  Siege Tank  
  137  9:46  Marine  
  137  9:49  Marine x2  
  137  9:50  Barracks, SCV x3  
  137  9:51  Barracks, Planetary Fortress  
  137  9:52  Starport  
  143  9:57  Marauder  
  145  10:01  Supply Depot  
  145  10:02  Missile Turret, SCV x3  
  145  10:03  Marine x3  
  145  10:04  Marine  
  145  10:06  Missile Turret  
  152  10:07  Terran Ship Weapons Level 1  
  152  10:09  Marine x2  
  154  10:18  Marine  
  145  10:29  Marine x4  
  145  10:30  Marauder x2  
  144  10:35  Medivac x2  
  144  10:36  Siege Tank, Marauder  
  146  10:47  Marine x4  
  133  10:51  Marauder x2  
  127  10:57  Marauder  
  117  11:05  Barracks Tech Lab x2, Starport Reactor, Marine x3  
  117  11:08  Medivac x2, Marine  
  125  11:12  Terran Infantry Weapons Level 3, Marauder, Marine  
  125  11:14  Terran Infantry Armor Level 3  
  128  11:18  Supply Depot  
  128  11:19  Supply Depot  
  128  11:21  Missile Turret x2  
  128  11:24  Sensor Tower  
  128  11:26  Sensor Tower  
  128  11:27  Marauder x3, Marine x4  
  128  11:30  Marauder  
  140  11:42  Marine  
  140  11:44  Liberator x4  
  140  11:45  Command Center, Marine x2  
  155  11:48  Marauder  
  155  11:51  SCV  
  155  11:52  SCV  
  159  11:57  Command Center  
  146  12:04  Marauder x2, Marine x5  
  146  12:05  Marauder  
  138  12:10  Marauder  
  115  12:24  Marine  
  115  12:25  Marauder, Marine x3  
  115  12:26  Command Center, Marauder x2, Marine  
  115  12:27  Medivac  
  128  12:30  Marine  
  128  12:33  Terran Ship Weapons Level 2  
  129  12:42  Marine x2  
  129  12:43  SCV x2, Marine  
  134  12:52  Medivac x3  
  134  12:53  Marauder x2  
  134  12:54  Marauder x3  
  134  12:56  Missile Turret  
  134  12:57  Medivac  
  152  13:03  Marine  
  152  13:04  Marine x3  
  156  13:14  Marine  
  167  13:37  Marine x4  
  167  13:40  Fusion Core  
  171  13:43  Armory, Unknown, Medivac x4, Marauder  
  171  13:48  Unknown x3, Marine  
  182  13:53  Orbital Command  
  182  13:58  Missile Turret  
  182  14:01  Unknown  
  182  14:10  Neosteel Armor, Hi-Sec Auto Tracking  
  182  14:24  Marauder, Marine x2  
  171  14:38  Marauder x2, Marine x3  
  165  14:45  Marine x2  
  148  14:46  Medivac x2, Marauder x2  
  148  14:47  Medivac x2  
  151  14:55  Marine  
  151  14:56  Marauder, Marine  
  151  14:57  Planetary Fortress  
  151  14:59  Marine x2  
  157  15:08  Marine x3  
  157  15:09  Marauder  
  157  15:13  Marine x2  
  164  15:15  Missile Turret, Siege Tank  
  164  15:16  Missile Turret, Medivac x2  
  164  15:17  Refinery, Marauder, Marine x2  
  164  15:18  Missile Turret  
  164  15:20  Terran Vehicle And Ship Armor Level 1, Terran Ship Weapons Level 3  
  175  15:22  Refinery  
  175  15:23  Advanced Ballistics  
  175  15:32  Liberator x2  
  181  15:45  Command Center  
  181  15:46  Liberator  
  184  15:50  Marine x3  
  184  15:51  Command Center, Marauder x4, Marine x2  
  170  16:05  Liberator  
  170  16:08  Marine x4  
  170  16:09  Marauder  
  179  16:12  Marauder  
  179  16:15  Liberator  
  179  16:17  Marine  
  179  16:18  Marauder, Marine  
  159  16:26  Marine x2  
  159  16:27  Marine x2  
  159  16:28  Liberator  
  159  16:31  Marauder  
  167  16:34  Marauder  
  167  16:35  Marine  
  167  16:36  Marauder  
  167  16:39  Liberator, Marine  
  176  16:44  Marine  
  173  16:48  Liberator  
  173  16:50  Marine  
  173  16:51  Marine  
  173  16:52  Marauder  
  162  16:55  Marine  
  162  16:56  Marauder  
  160  17:21  Marine  
  160  17:22  Marauder x3, Command Center, Marine x4  
  173  17:23  Marauder  
  173  17:39  Marine  
  173  17:40  Marauder  
  176  17:45  Missile Turret  
  176  17:46  Planetary Fortress  
  176  17:47  Missile Turret  
  176  17:55  Marine  
  176  17:56  Marauder x2, Marine x2  
  183  18:02  Marine x2  
  183  18:03  Marauder x2  
  189  18:13  Marine  
  190  18:23  Marine x2  
  190  18:24  Marauder  
  184  18:31  Marine  
  184  18:32  Marauder x2, Marine x3  
  183  18:41  Marine  
  195  18:42  Refinery  
  195  18:44  Refinery  
Show
View Real Time Build Order
Export as new Build Order

SIXKM Protoss 

Build Orders: 1 Gate Expand, Blink Stalkers 

Get SALT Encoding   

  12  0:00  Probe  
  13  0:12  Probe  
  14  0:18  Pylon  
  14  0:24  Probe  
  15  0:37  Gateway  
  15  0:38  Probe (Chrono Boost)  
  16  0:43  Assimilator  
  16  0:47  Probe (Chrono Boost)  
  17  0:52  Probe (Chrono Boost)  
  18  1:05  Probe  
  19  1:17  Probe  
  20  1:24  Cybernetics Core  
  20  1:35  Nexus  
  20  1:40  Probe  
  20  1:45  Pylon  
  21  1:52  Probe  
  22  1:56  Assimilator  
  22  2:01  Adept (Chrono Boost)  
  22  2:05  Warp Gate  
  24  2:09  Probe  
  25  2:27  Twilight Council  
  25  2:29  Probe  
  26  2:34  Stalker (Chrono Boost)  
  28  2:41  Probe  
  29  2:47  Gateway  
  29  2:49  Probe  
  30  2:54  Probe  
  31  3:01  Stalker (Chrono Boost)  
  31  3:02  Probe  
  34  3:06  Probe  
  34  3:07  Blink (Chrono Boost)  
  35  3:15  Probe  
  36  3:22  Probe  
  37  3:27  Probe  
  37  3:30  Pylon  
  38  3:34  Probe  
  38  3:39  Robotics Facility  
  38  3:40  Probe  
  40  3:46  Probe  
  41  3:52  Probe  
  41  3:54  Stalker, Pylon  
  44  3:55  Stalker  
  44  3:59  Probe  
  47  4:05  Probe  
  47  4:09  Assimilator  
  48  4:11  Probe  
  49  4:17  Probe  
  49  4:23  Probe  
  49  4:24  Stalker x2  
  53  4:28  Pylon  
  53  4:29  Probe  
  53  4:30  Observer (Chrono Boost)  
  57  4:35  Probe  
  58  4:41  Probe  
  58  4:42  Nexus  
  59  4:48  Probe  
  59  4:50  Observer (Chrono Boost)  
  61  4:53  Probe  
  61  4:59  Pylon  
  62  5:00  Probe  
  62  5:03  Shield Battery  
  62  5:05  Probe  
  64  5:08  Stalker  
  64  5:09  Stalker  
  64  5:12  Probe  
  69  5:17  Forge  
  69  5:20  Probe  
  70  5:24  Probe  
  70  5:27  Gateway  
  71  5:29  Gateway  
  71  5:33  Stalker  
  71  5:38  Observer  
  66  5:50  Probe  
  66  5:53  Probe  
  66  5:54  Probe  
  69  5:58  Photon Cannon  
  67  6:05  Probe  
  67  6:06  Protoss Ground Armor Level 1 (Chrono Boost)  
  67  6:09  Probe  
  67  6:10  Probe  
  64  6:17  Probe  
  65  6:22  Nexus  
  65  6:23  Probe x2  
  67  6:29  Probe  
  68  6:33  Charge (Chrono Boost)  
  68  6:35  Probe  
  68  6:36  Probe  
  70  6:41  Probe  
  70  6:45  Gateway  
  70  6:47  Pylon, Gateway  
  71  6:48  Probe x2  
  71  6:53  Probe  
  74  6:55  Gateway  
  74  6:56  Pylon, Gateway  
  74  7:00  Stalker x2, Probe x2  
  74  7:01  Stalker  
  82  7:15  Probe  
  81  7:16  Stalker  
  81  7:19  Probe  
  84  7:27  Probe x2  
  84  7:28  Pylon  
  86  7:31  Probe  
  86  7:36  Warp Prism (Chrono Boost)  
  87  7:37  Forge  
  87  7:38  Probe  
  87  7:39  Probe  
  87  7:43  Stalker x4  
  99  7:45  Stalker  
  101  7:53  Stalker x2  
  101  7:54  Stalker  
  101  7:56  Probe  
  108  8:02  Probe, Pylon  
  109  8:10  Observer  
  109  8:11  Protoss Ground Armor Level 2 (Chrono Boost), Protoss Ground Weapons Level 1 (Chrono Boost)  
  109  8:12  Stalker x3  
  113  8:13  Stalker x2  
  119  8:27  Zealot  
  119  8:28  Pylon, Zealot x2  
  125  8:37  Zealot x5  
  135  8:43  Pylon x2  
  135  8:44  Pylon  
  135  8:48  Zealot  
  135  8:49  Zealot x2  
  141  9:00  Zealot x3  
  123  9:12  Zealot x5  
  115  9:30  Zealot x2  
  115  9:31  Zealot  
  109  9:32  Probe  
  109  9:38  Zealot, Nexus  
  110  9:39  Zealot x4  
  118  9:46  Pylon  
  118  9:51  Probe  
  119  9:53  Probe  
  119  9:55  Zealot x2  
  119  9:56  Zealot  
  119  9:59  Dark Shrine  
  126  10:01  Zealot x5  
  136  10:17  Pylon  
  128  10:30  Zealot  
  128  10:31  Zealot x7  
  110  10:43  Probe x2  
  110  10:49  Protoss Ground Armor Level 3 (Chrono Boost)  
  94  10:51  Protoss Ground Weapons Level 2 (Chrono Boost)  
  94  10:52  Probe  
  94  10:53  Zealot x8  
  104  10:59  Probe x2  
  104  11:01  Probe  
  107  11:07  Probe  
  107  11:10  Templar Archives  
  108  11:11  Shadow Stride  
  108  11:25  Dark Templar x4  
  112  11:26  Zealot  
  112  11:27  Zealot x3  
  124  11:39  Probe  
  125  11:44  Probe x4  
  129  11:51  Dark Templar x2, Gateway x2, Probe  
  129  11:52  Gateway, Zealot, Dark Templar  
  129  11:53  Pylon  
  138  11:56  Gateway  
  114  12:12  Zealot x4  
  114  12:14  Probe  
  105  12:24  Robotics Facility  
  105  12:26  Probe  
  105  12:29  Assimilator, Robotics Bay  
  106  12:34  Probe x3  
  106  12:35  Assimilator  
  106  12:36  Assimilator  
  109  12:37  Shield Battery  
  109  12:40  Dark Templar x2  
  113  12:46  Probe  
  113  12:47  Assimilator  
  113  12:49  Probe  
  113  12:50  Assimilator, Probe x2  
  117  12:52  Assimilator  
  117  12:53  Assimilator  
  117  12:54  Shield Battery  
  117  12:57  Pylon, Zealot x6  
  129  13:06  Probe  
  130  13:22  Disruptor x2 (Chrono Boost)  
  136  13:28  Stalker x3  
  142  13:39  Zealot x4  
  142  13:40  Zealot x5  
  160  13:47  Disruptor (Chrono Boost)  
  160  13:50  Probe  
  160  13:54  Probe  
  165  13:57  Disruptor (Chrono Boost)  
  168  14:06  Zealot x5, Nexus  
  168  14:07  Zealot x6  
  168  14:09  Pylon  
  190  14:15  Shield Battery  
  190  14:16  Disruptor  
  176  14:28  Disruptor (Chrono Boost)  
  134  14:40  Probe  
  134  14:43  Nexus  
  102  14:49  Disruptor (Chrono Boost)  
  103  14:54  Stalker x5  
  103  14:55  Stalker x7  
  103  14:58  Pylon  
  127  15:01  Probe x2  
  127  15:03  Photon Cannon, Disruptor (Chrono Boost)  
  132  15:15  Disruptor (Chrono Boost)  
  135  15:28  Disruptor (Chrono Boost)  
  135  15:40  Disruptor (Chrono Boost)  
  135  15:49  Probe  
  139  15:53  Disruptor (Chrono Boost)  
  140  16:02  Nexus  
  132  16:08  Stalker x2  
  132  16:09  Disruptor, Stalker x3  
  146  16:11  Probe  
  146  16:26  Disruptor  
  146  16:31  Probe x2  
  151  16:33  Probe  
  152  16:44  Disruptor (Chrono Boost)  
  117  17:08  Zealot x10  
  124  17:09  Disruptor (Chrono Boost), Zealot x2  
  135  17:17  Disruptor (Chrono Boost)  
  135  17:19  Probe, Robotics Facility  
  137  17:34  Probe  
  137  17:36  Pylon  
  134  17:37  Disruptor  
  134  17:43  Assimilator  
  137  17:45  Assimilator  
  137  17:46  Disruptor  
  138  18:00  Stalker x3  
  138  18:01  Stalker x6  
  156  18:10  Observer  
  157  18:13  Disruptor  
  158  18:21  Disruptor  
  139  18:32  Stalker x8  
  139  18:33  Stalker  
  151  18:37  High Templar x2  
Tags
 
Add a new tag
Caveats
  • Supply blocks, unpowered buildings, or Contaminate may cause inaccurate times.
  • Supply counts are checked every 10 seconds.